 Dungeon Crawl Stone Soup version 0.31-a0-198-g2ad674f65e (webtiles) character file.

Game seed: 6423703858780430546

51 porpoise the Shooter (level 3, -5/22 HPs)
             Began as a Tengu Hunter on June 26, 2023.
             Slain by a cerulean imp
             ... wielding a +5 spear
             ... summoned by Natasha
              (7 damage)
             ... on level 3 of the Dungeon.
             The game lasted 00:03:31 (1264 turns).

porpoise the Shooter (Tengu Hunter)                 Turns: 1264, Time: 00:03:32

Health: -5/22      AC:  3    Str: 11    XL:     3   Next: 83%
Magic:  4/4        EV: 12    Int:  9    God:
Gold:   58         SH:  0    Dex: 19    Spells: 2/2 levels left

rFire   . . .        a - +0 shortbow
rCold   . . .        (shield currently unavailable)
rNeg    . . .        c - +0 leather armour
rPois   .            (helmet restricted)
rElec   .            (no cloak)
rCorr   .            (no gloves)
SInv    .            (boots unavailable)
Will    .....        (no amulet)
Stlth   ++           (no ring)
HPRegen 0.23/turn    (no ring)
MPRegen 0.09/turn

%: no passive effects
@: slowed, very slow
A: beak, talons 3
a: no special abilities


You were on level 3 of the Dungeon.
You visited 1 branch of the dungeon, and saw 3 of its levels.

You collected 113 gold pieces.
You spent 55 gold pieces at shops.

Inventory:

Hand Weapons
 a - a +0 shortbow (weapon)
 b - a +0 dagger
 i - a +0 triple crossbow
Missiles
 h - 2 poisoned darts
 m - 2 datura-tipped darts
Armour
 c - a +0 leather armour (worn)
Wands
 q - a wand of mindburst (13)
Scrolls
 d - a scroll of vulnerability {unknown}
 f - a scroll of poison {unknown}
 g - 2 scrolls of identify {unknown}
 j - 2 scrolls of fear {unknown}
 k - 2 scrolls of fog {unknown}
 n - a scroll of teleportation {unknown}
 o - a scroll of butterflies
 s - a scroll of enchant weapon {unknown}
Potions
 e - a potion of attraction {unknown}
 l - 2 potions of haste {unknown}
 p - a potion of brilliance {unknown}
 r - a potion of might {unknown}


   Skills:
 + Level 2.5 Fighting
 * Level 5.2 Ranged Weapons
 - Level 2.1 Dodging
 + Level 2.0 Stealth


You had 2 spell levels left.
You didn't know any spells.
Your spell library contained the following spells:

 Spells                   Type           Power      Damage    Failure   Level
 Slow                     Hex            0%         N/A       47%         1
 Ensorcelled Hibernation  Hex/Ice        0%         N/A       63%         2
 Poisonous Vapours        Pois/Air       0%         N/A       63%         2
 Confusing Touch          Hex            0%         N/A       85%         3
 Mephitic Cloud           Conj/Pois/Air  0%         N/A       85%         3
 Spider Form              Tmut/Pois      0%         N/A       85%         3
 Vampiric Draining        Necr           0%         2d6       85%         3
 Anguish                  Hex/Necr       0%         N/A       99%         4
 Freezing Cloud           Conj/Ice/Air   0%         6-21      100%        5


Dungeon Overview and Level Annotations

Branches:
Dungeon (3/15)

Altars:
Yredelemnul
Zin

Shops:
D:2 *

Annotations:
D:3 Natasha


Innate Abilities, Weirdness & Mutations

You have a beak for a mouth.
You have claws for feet.


Message History

No target in view!
A bat is nearby!
You shoot an arrow. The arrow misses the bat.
You shoot an arrow. The arrow hits the bat.
You kill the bat!
No target in view!
Things that are here:
a +0 short sword; an orc corpse You now have 58 gold pieces (gained 20).
Natasha, Servant of Life and Death comes into view.
You shoot an arrow.
The arrow hits Natasha but does no damage.
Natasha mumbles some strange words.
Natasha shimmers violently.
Natasha casts a spell.
Natasha stares at you and mumbles some strange words.
You feel yourself slow down.
You shoot an arrow. The arrow barely misses Natasha.
You shoot an arrow. The arrow misses Natasha.
The arrow closely misses the cerulean imp.
Natasha howls an incantation.
Natasha shimmers violently.
Natasha mumbles some strange words.
You shoot an arrow.
The arrow hits the cerulean imp but does no damage.
You shoot an arrow. The arrow hits the cerulean imp!
The cerulean imp is severely wounded.
The cerulean imp hits you from afar with a +1 spear.
The cerulean imp hits you from afar with a +5 spear!
Natasha barely misses you.
You shoot an arrow. The arrow hits Natasha!
Natasha is heavily wounded.
The cerulean imp barely misses you.
The cerulean imp hits you from afar with a +5 spear.
Natasha claws you.
* * * LOW HITPOINT WARNING * * *
The cerulean imp hits you from afar with a +1 spear.
* * * LOW HITPOINT WARNING * * *
The cerulean imp hits you from afar with a +5 spear!
You die...

#.......#.#
#.........##
#..........# #+#
####......## #.#
#.......###.#
#.....#...#.#
#.....###.#.#
.......###.#.########
+.......+.....@h5.=...
#.......#####...5..?##
....... #.........
....... #########.


You could see Natasha and 2 cerulean imps.

Vanquished Creatures
  An adder (D:2)
  A dart slug (D:1)
  An orc (D:3)
  2 endoplasms
  2 giant cockroaches
  3 goblins
  2 hobgoblins
  4 jackals (D:3)
  8 kobolds
  A quokka (D:2)
  2 ball pythons (D:1)
  6 bats
  A frilled lizard (D:3)
  8 rats
42 creatures vanquished.

Notes
Turn   | Place    | Note
-------+----------+-------------------------------------------
     0 | D:1      | porpoise the Tengu Hunter began the quest for the Orb.
     0 | D:1      | Reached XP level 1. HP: 12/12 MP: 2/2
   119 | D:1      | Reached XP level 2. HP: 17/17 MP: 3/3
   548 | D:2      | Reached skill level 5 in Ranged Weapons
   548 | D:2      | Reached XP level 3. HP: 22/22 MP: 4/4
   665 | D:2      | Found Nearueso's Assorted Antiques.
   672 | D:2      | Bought a scroll labelled EKKEGRATEI for 19 gold pieces
   672 | D:2      | Bought a smoky grey potion for 17 gold pieces
   672 | D:2      | Bought a scroll labelled FYECWEAPTO for 19 gold pieces
   673 | D:2      | Found a basalt altar of Yredelemnul.
  1190 | D:3      | Found a glowing silver altar of Zin.
  1190 | D:3      | Noticed an angel
  1258 | D:3      | Noticed Natasha
  1264 | D:3      | Slain by a cerulean imp

Illustrated notes

Levels and vault maps discovered:
D:1:      sevenhm_arrival_forest_fort_small_6, layout_basic,
          amcnicky_mini_corridor_feature
D:2:      layout_rooms, basic_altar, serial_shops,
          nicolae_shop_advertising_works [nicolae_subvault_shop_adworks],
          grunt_ministairs_9
D:3:      layout_basic, mainiacjoe_overflow_concentric_impassable, zin_angel,
          uniq_natasha, uniq_crazy_yiuf_cottage, uniq_grinder, uniq_jessica

Skill      XL: |  1  2  3 |
---------------+----------+-----
Ranged Weapons | 5 |  5.2
Stealth        | 2 |  2.0
Fighting       | |  2.5
Dodging        | |  2.1

Action                     || total
---------------------------++-------
   Fire: Shortbow          ||    94
 Armour: Leather armour    ||     3
  Dodge: Dodged            ||    15

Table legend: (Time is in decaauts)
 A = Elapsed time spent in this place.
 B = Non-inter-level travel time spent in this place.
 C = Inter-level travel time spent in this place.
 D = Time resting spent in this place.
 E = Time spent auto-exploring this place.
 F = Levels seen in this place.
 G = Mean time per level.
                   A        B        C        D        E       F      G
               +--------+--------+--------+--------+--------+-----+--------+
         Total |   1284 |   1255 |     29 |    100 |    966 |   3 |  428.0 |
       Dungeon |   1284 |   1255 |     29 |    100 |    966 |   3 |  428.0 |
               +--------+--------+--------+--------+--------+-----+--------+

Top non-repeatable levels by time:
     D:1: 521 daAuts
     D:2: 494 daAuts
     D:3: 268 daAuts
